 Dungeon Crawl Stone Soup version 0.25-a0-277-g7046ed1b37 (webtiles) character file.

Game seed: 5188719590742331583, levelgen mode: deterministic

204906 Beetlebrows the Severer (level 18, -1/177 HPs)
             Began as a Red Draconian Fighter on Dec 9, 2019.
             Was the Champion of Okawaru.
             Slain by a death knight
             ... wielding a +0 great mace
              (8 damage)
             ... while paralysed by an ogre mage
             ... on level 1 of the Vaults.
             The game lasted 01:46:40 (34532 turns).

Beetlebrows the Severer (Red Draconian Fighter)    Turns: 34532, Time: 01:46:41

Health: -1/177     AC: 20    Str: 21    XL:     18   Next: 2%
Magic:  0/24       EV:  2    Int:  9    God:    Okawaru [******]
Gold:   2516       SH:  0    Dex: 18    Spells: 15/21 levels left

rFire    + + .     SeeInvis +   a - +7 broad axe (flame)
rCold    + . .     Gourm    .   z - +2 shield {rC+}
rNeg     + . .     Faith    .   (armour unavailable)
rPois    +         Spirit   +   j - +3 hat "Gidas" {rF+ Stlth+}
rElec    .         Reflect  .   F - +2 cloak {rPois}
rCorr    .         Harm     .   C - +0 pair of gloves
MR       +....                  y - +2 pair of boots {Fly}
Stlth    ++++++....             V - amulet of Dasche {Spirit rN+}
HPRegen  0.39/turn              o - ring of see invisible
MPRegen  0.19/turn              r - +4 ring of evasion

@: paralysed, heroism, marked, flying, lightly drained
A: breathe fire, unfitting armour, hooves 1, agile 1, fire resistance 1, robust
1, cold-blooded, AC +10
}: 1/15 runes: gossamer
a: Breathe Fire, Heroism, Finesse, Renounce Religion, Stop Flying


You were on level 1 of the Vaults.
You worshipped Okawaru.
Okawaru was exalted by your worship.
You were hungry.

You visited 6 branches of the dungeon, and saw 29 of its levels.
You also visited: Ossuary and Ice Cave.

You collected 2565 gold pieces.
You spent 49 gold pieces at shops.

Inventory:

Hand Weapons
 a - a +7 broad axe of flaming (weapon)
 b - the +0 broad axe of Okawaru's Hatred {antimagic, rN+}
   (Okawaru gifted it to you on level 10 of the Dungeon)

   It reduces the magical energy of the wielder, and disrupts the spells and
   magical abilities of those hit.
   Natural abilities and divine invocations are not affected.
   It protects you from negative energy.
Missiles
 D - 38 boomerangs (quivered)
 H - 5 throwing nets
 L - 5 curare-tipped darts
 O - 20 poisoned darts
 R - 16 javelins
 X - 5 silver javelins
Armour
 j - the +3 hat "Gidas" (worn) {rF+ Stlth+}
   (Okawaru gifted it to you on level 3 of the Spider Nest)

   It protects you from fire.
   It makes you more stealthy.
 y - a +2 pair of boots of flying (worn)
 z - a +2 shield of cold resistance (worn)
 C - a +0 pair of gloves (worn)
 F - a +2 cloak of poison resistance (worn)
 G - a scarf of repulsion
 Q - a +1 cloak of invisibility
Jewellery
 o - a ring of see invisible (left hand)
 r - a +4 ring of evasion (right hand)
 P - an uncursed ring of ice
 S - an uncursed ring of positive energy
 V - the amulet of Dasche (around neck) {Spirit rN+}
   (You found it on level 13 of the Dungeon)

   [amulet of guardian spirit]

   It causes incoming damage to be split between your health and magic.
   It protects you from negative energy.
Wands
 n - a wand of acid (35)
 x - a wand of digging (13)
 B - a wand of paralysis (36)
 M - a wand of clouds (3)
 N - a wand of flame (18)
 U - a wand of iceblast (14)
Scrolls
 c - 3 scrolls of fog
 e - 14 scrolls of identify
 h - 4 scrolls of blinking
 k - 7 scrolls of teleportation
 p - 18 scrolls of remove curse
 q - 2 scrolls of immolation
 v - 3 scrolls of enchant armour
 K - 5 scrolls of fear
 Y - 4 scrolls of magic mapping
 Z - a scroll of silence
Potions
 f - 4 potions of berserk rage
 g - 19 potions of curing
 i - 2 potions of resistance
 l - 3 potions of haste
 m - 4 potions of brilliance
 s - 11 potions of heal wounds
 u - 3 potions of invisibility
 w - 3 potions of lignification
 A - 4 potions of ambrosia
 I - 2 potions of cancellation
 J - 2 potions of agility
 W - 2 potions of might
Miscellaneous
 t - a phial of floods
 E - a lamp of fire
Comestibles
 d - 42 rations
 T - 20 chunks of flesh


   Skills:
 + Level 14.4(19.2) Fighting
 - Level 18.0(22.7) Axes
 + Level 10.8(15.7) Throwing
 + Level 11.8(16.6) Dodging
 - Level 6.1(10.9) Stealth
 + Level 13.5(18.3) Shields
 * Level 2.2(2.0) Spellcasting
 * Level 2.2(2.1) Transmutations
 * Level 2.2(2.1) Earth Magic
 - Level 8.0(7.8) Invocations
 - Level 5.0(4.9) Evocations


You had 15 spell levels left.
You knew the following spells:

 Your Spells              Type           Power        Failure   Level  Hunger
a - Statue Form           Tmut/Erth      #........    100%        6    #######

Your spell library contained the following spells:

 Spells                   Type           Power        Failure   Level  Hunger
 Beastly Appendage        Tmut           #.....       14%         1    ##.....
 Sticks to Snakes         Tmut           #.......     21%         2    ###....
 Magic Dart               Conj           #...         32%         1    ##.....
 Blink                    Tloc           N/A          45%         2    ###....
 Call Imp                 Summ           #.......     45%         2    ###....
 Slow                     Hex            #.......     45%         2    ###....
 Conjure Flame            Conj/Fire      #.......     69%         3    ####...
 Mephitic Cloud           Conj/Pois/Air  #.......     69%         3    ####...
 Recall                   Summ/Tloc      N/A          69%         3    ####...
 Leda's Liquefaction      Hex/Erth       #.........   91%         4    #####..
 Cause Fear               Hex            #.........   97%         4    #####..
 Irradiate                Conj/Tmut      #.........   99%         5    ######.
 Yara's Violent Unravell  Hex/Tmut       #.........   99%         5    ######.
 Aura of Abjuration       Summ           #.........   100%        5    ######.
 Bolt of Magma            Conj/Fire/Erth #.........   100%        5    ######.
 Iskenderun's Battlesphe  Conj/Chrm      #.......     100%        5    ######.
 Silence                  Hex/Air        #.........   100%        5    ######.
 Summon Demon             Summ           #.........   100%        5    ######.
 Summon Forest            Summ/Tloc      #.........   100%        5    ######.
 Summon Mana Viper        Hex/Summ       #.......     100%        5    ######.
 Deflect Missiles         Chrm/Air       #.........   100%        6    #######
 Iron Shot                Conj/Erth      #.........   100%        6    #######
 Shadow Creatures         Summ           N/A          100%        6    #######
 Ring of Flames           Chrm/Fire      #.........   100%        7    #######
 Discord                  Hex            #.........   100%        8    #######
 Shatter                  Erth           #.........   100%        9    #######


Dungeon Overview and Level Annotations

Branches:
Dungeon (15/15)            Temple (1/1) D:4            Lair (6/6) D:10
  Swamp (0/4) Lair:2       Spider (4/4) Lair:3        Slime (0/5) Lair:5
    Orc (2/2) D:11            Elf (0/3) Orc:2        Vaults (1/5) D:13
 Depths (0/5) D:15        Ossuary (visited)           IceCv (visited)

Altars:
Ashenzari
Cheibriados
Dithmenos
Elyvilon
Fedhas
Gozag
Kikubaaqudgha
Makhleb
Okawaru
Qazlal
Ru
Sif Muna
Trog
Uskayaw
Xom
Yredelemnul
Zin
The Shining One
Beogh
Jiyva

Shops:
D:12 ?   D:14 [   Orc:2 ?%[}

Annotations:
D:10 1 runed translucent door, exclusion: downstairs
Lair:1 exclusions: lava snake, orange crystal statue and 2 more exclusions
Lair:6 exclusion: door
Spider:2 exclusion: downstairs


Innate Abilities, Weirdness & Mutations

You can breathe blasts of fire.
Your fiery red scales are hard. (AC +10)
You cannot fit into any form of body armour.
Your flesh is heat resistant. (rF+)
You are cold-blooded and may be slowed by cold attacks.
You have large cloven feet.
You are agile. (Dex +2)
You are robust. (+10% HP)


Message History

The ogre mage hits you with a +0 war axe.
The death knight hits you with a +0 great mace!
* * * LOW HITPOINT WARNING * * *
The two-headed ogre hits you but does no damage.
The two-headed ogre hits you with a +0 giant club!
* * * LOW HITPOINT WARNING * * *
The ogre mage hits you but does no damage.
The vault warden hits you with a +3 great sword!
* * * LOW HITPOINT WARNING * * *
The ogre mage hits you with a +0 war axe.
* * * LOW HITPOINT WARNING * * *
The death knight hits you but does no damage.
The two-headed ogre hits you with a +0 giant club!!
* * * LOW HITPOINT WARNING * * *
The two-headed ogre hits you but does no damage.
The vault warden activates a sealing rune.
The ogre mage hits you but does no damage.
The vault warden completely misses you.
The death knight hits you with a +0 great mace!
You die...

#.....>... #......... .
# #....(.... #. .
#......... ..#.
#.........
.#..##############'####
....+.).......#...[..##
#.pp.()...#.^....##
#.@OO)....#...)..##
#..O..OO..#......##
#.....)).[#O.....##
#.........'O.....##
..+.........#).>...##
..###########......#
... #..O...# >.
#......# #......#


You could see a vault warden, a death knight, 3 two-headed ogres, an ogre mage
and an ogre.

Vanquished Creatures
  Nikola (Spider:4)
  Jorgrun (Orc:2)
  Agnes (Spider:1)
  Frances (Spider:2)
  Gastronok (D:9)
  A vault warden (Vaults:1)
  4 ghost moths
  3 emperor scorpions
  A caustic shrike skeleton (D:15)
  6 entropy weavers
  Azrael (D:14)
  3 spark wasps
  2 dire elephants
  Snorg (Lair:5)
  A blizzard demon (IceCv)
  Fannar (Orc:1)
  9 hydras
  Harold (D:9)
  A rakshasa (Vaults:1)
  A death knight (Vaults:1)
  An ice dragon (Vaults:1)
  A catoblepas (Lair:4)
  3 centaur warriors
  A queen ant (Spider:3)
  9 two-headed ogres
  14 death yaks
  A tengu warrior (D:13)
  An ogre mage (Vaults:1)
  The ghost of p0werm0de the Fighter, a novice OpAr of Cheibriados (D:10)
  Urug (D:12)
  3 orc high priests (Orc:2)
  A deep elf knight (D:13)
  Nergalle (Orc:1)
  8 skeletal warriors
  A shadow wraith (Vaults:1)
  3 flayed ghosts
  3 wizards
  3 unseen horrors
  Pikel (D:9)
  2 necromancers
  A phantasmal warrior (Vaults:1)
  11 orc knights
  4 orc sorcerers (Orc:2)
  11 orb spiders
  5 deep elf magi
  5 ugly things
  35 elephants
  3 cyclopes
  25 wolf spiders
  4 moths of wrath
  Joseph (Lair:1)
  Maurice (D:8)
  2 manticores (D:12)
  Psyche (D:12)
  5 torpor snails
  2 stone giant skeletons (D:15)
  3 centaur zombies
  4 vault sentinels (Vaults:1)
  11 spiny frogs
  5 black mambas
  8 centaur skeletons
  2 ice statues (IceCv)
  A spiny frog (shapeshifter) (D:15)
  4 gargoyles
  2 yaktaurs (Vaults:1)
  A kobold demonologist (D:15)
  6 rime drakes
  10 ice devils (IceCv)
  6 demonic crawlers
  11 komodo dragons
  9 trolls
  A polar bear (Lair:3)
  32 jumping spiders
  7 hornets
  8 slime creatures
  Prince Ribbit (D:9)
  11 dream sheep (Lair:6)
  31 blink frogs
  2 meliai zombies
  A fire giant simulacrum (Vaults:1)
  8 hippogriffs
  An ice dragon skeleton (D:15)
  A bog body (Lair:2)
  2 shadows
  78 redbacks
  49 yaks
  A spriggan (Lair:4)
  38 tarantellas
  3 wyverns
  3 wraiths
  A vampire (D:11)
  2 basilisks
  A hungry ghost (D:14)
  A steam dragon (D:11)
  2 fire elementals (D:14)
  8 soldier ants (Spider:3)
  2 wargs
  10 water moccasins
  7 porcupines
  2 acid dragons
  3 hell hounds
  39 orc warriors
  A hornet zombie (D:7)
  A slave (D:9)
  2 sky beasts
  5 black bears
  3 phantoms
  An eye of draining (D:15)
  13 ogres
  6 wolves (Lair:6)
  14 centaurs
  4 big kobolds
  14 crocodiles
  2 elf zombies (D:4)
  An elf skeleton (D:4)
  13 bullfrogs
  7 scorpions
  A wyvern skeleton (D:13)
  11 killer bees
  3 wights (D:11)
  3 howler monkeys
  3 electric eels
  4 crimson imps
  5 hounds
  2 quasits
  A bullfrog zombie (D:7)
  5 jellies
  18 orc priests
  2 bullfrog skeletons
  Crazy Yiuf (D:5)
  A human skeleton (D:4)
  5 iguanas
  25 orc wizards
  21 worker ants
  2 yak simulacra (D:10)
  Terence (D:3)
  4 polar bear simulacra (D:10)
  2 wolf simulacra (D:10)
  A hound skeleton (D:4)
  4 mummies (Ossuary)
  2 worker ant zombies
  6 adders
  2 shadow imps
  6 white imps (IceCv)
  6 ufetubi (IceCv)
  2 oozes
  2 adder zombies (Ossuary)
  An adder skeleton (D:4)
  A worm (D:3)
  2 dart slugs (D:1)
  3 leopard geckos
  95 orcs
  2 giant cockroaches
  7 goblins
  5 hobgoblins
  6 jackals
  4 quokkas
  2 ball pythons
  7 bats
  4 frilled lizards
  A goblin zombie (Ossuary)
  A hobgoblin zombie (Ossuary)
  3 jackal zombies (Ossuary)
  27 kobolds
  2 kobold zombies (Ossuary)
  A leopard gecko skeleton (D:8)
  An orc skeleton (D:4)
  3 orc zombies
  A quokka skeleton (D:8)
  A quokka zombie (D:5)
  10 rats
  A rat zombie (Ossuary)
  3 river rat simulacra (D:10)
  6 fungi
  4 plants
1097 creatures vanquished.

Vanquished Creatures (collateral kills)
  A wolf spider (Spider:3)
1 creature vanquished.

Vanquished Creatures (others)
  A worker ant (Spider:3)
  3 white imps (IceCv)
  2 ufetubi (IceCv)
  An orc (D:11)
  A quokka (D:9)
  64 fungi
  25 plants
97 creatures vanquished.

Grand Total: 1195 creatures vanquished

Notes
Turn   | Place    | Note
-------+----------+-------------------------------------------
     0 | D:1      | Beetlebrows the Draconian Fighter began the quest for the
                  | Orb.
     0 | D:1      | Reached XP level 1. HP: 19/19 MP: 1/1
    37 | D:1      | Reached XP level 2. HP: 19/26 MP: 2/2
   609 | D:2      | Reached XP level 3. HP: 17/33 MP: 3/3
  1296 | D:2      | Found a white marble altar of Elyvilon.
  1296 | D:2      | Found a faded altar of an unknown god.
  1301 | D:2      | Found a faded altar of an unknown god.
  1303 | D:2      | Found an opulent altar of Gozag.
  1305 | D:2      | Found a shadowy altar of Dithmenos.
  1738 | D:3      | Noticed Terence
  1905 | D:3      | Killed Terence
  1905 | D:3      | Reached skill level 3 in Axes
  1905 | D:3      | Reached XP level 4. HP: 21/40 MP: 4/4
  3018 | D:4      | Found a staircase to the Ecumenical Temple.
  3018 | D:4      | Noticed a sky beast
  3028 | D:4      | Killed a sky beast
  3028 | D:4      | Reached skill level 1 in Stealth
  3028 | D:4      | Reached XP level 5. HP: 29/46 MP: 5/5
  3043 | Temple   | Entered the Ecumenical Temple
  3052 | Temple   | Became a worshipper of Warmaster Okawaru
  3422 | D:4      | Reached skill level 4 in Axes
  3422 | D:4      | Reached skill level 1 in Throwing
  3422 | D:4      | Reached XP level 6. HP: 36/52 MP: 6/6
  3429 | D:4      | Found a sand-covered staircase.
  3439 | Ossuary  | Entered an ossuary
  3690 | D:4      | Reached * piety under Okawaru
  3712 | D:4      | Reached skill level 5 in Axes
  3712 | D:4      | Your scales start taking on a fiery red colour.
  3712 | D:4      | Reached XP level 7. HP: 49/60 MP: 7/7
  3712 | D:4      | Gained mutation: Your flesh is heat resistant. (rF+) [Red
                  | Draconian growth]
  4120 | D:5      | Entered Level 5 of the Dungeon
  4445 | D:5      | Found a runed translucent door.
  4446 | D:5      | Noticed Crazy Yiuf
  4559 | D:5      | Reached skill level 6 in Axes
  4665 | D:5      | Found a shimmering blue altar of Sif Muna.
  4819 | D:5      | Reached ** piety under Okawaru
  4819 | D:5      | Reached skill level 5 in Fighting
  4890 | D:5      | Reached XP level 8. HP: 68/68 MP: 8/8
  4894 | D:5      | Identified the Catalogue of Boosting Transmutation
  5239 | D:5      | Killed Crazy Yiuf
  5624 | D:6      | Found a snail-covered altar of Cheibriados.
  5873 | D:7      | Reached skill level 7 in Axes
  5975 | D:7      | Reached skill level 5 in Shields
  6613 | D:8      | Reached *** piety under Okawaru
  6676 | D:8      | Reached skill level 8 in Axes
  6701 | D:8      | Reached skill level 5 in Dodging
  6701 | D:8      | Reached XP level 9. HP: 73/75 MP: 9/9
  6794 | D:7      | Reached **** piety under Okawaru
  6900 | D:8      | Noticed Maurice
  6909 | D:8      | Killed Maurice
  6909 | D:8      | Reached skill level 9 in Axes
  7362 | D:9      | Found a stormy altar of Qazlal.
  7434 | D:9      | Reached ***** piety under Okawaru
  7434 | D:9      | Reached skill level 1 in Invocations
  7536 | D:9      | Found a bloodstained altar of Trog.
  7543 | D:9      | Found a glowing golden altar of the Shining One.
  7543 | D:9      | Noticed Pikel
  7558 | D:9      | Killed Pikel
  7558 | D:9      | Reached XP level 10. HP: 81/84 MP: 9/11
  7655 | D:9      | Noticed Prince Ribbit
  7658 | D:9      | Killed Prince Ribbit
  7752 | D:9      | Noticed Gastronok
  7779 | D:9      | Killed Gastronok
  7779 | D:9      | Reached skill level 10 in Axes
  8105 | D:9      | Found a basalt altar of Yredelemnul.
  8278 | D:9      | Noticed Harold
  8286 | D:9      | Killed Harold
  8557 | D:9      | Noticed an angel
  8603 | D:10     | Entered Level 10 of the Dungeon
  8611 | D:10     | Reached ****** piety under Okawaru
  8651 | D:10     | Received a gift from Okawaru
  8654 | D:10     | Got a pitted broad axe {god gift}
  8655 | D:10     | Identified the +0 broad axe of Okawaru's Hatred {antimagic,
                  | rN+} (Okawaru gifted it to you on level 10 of the Dungeon)
  8809 | D:10     | Reached XP level 11. HP: 92/92 MP: 14/14
  8853 | D:10     | Found a runed translucent door.
  8853 | D:10     | Noticed a sixfirhy
  8871 | D:10     | Noticed an unseen horror
  8888 | D:10     | Killed an unseen horror
  8936 | D:10     | Reached skill level 5 in Invocations
  9228 | D:10     | Reached skill level 11 in Axes
  9369 | D:10     | Found a large runed translucent door.
  9370 | D:10     | Found a large runed translucent door.
  9372 | D:10     | Noticed p0werm0de's ghost (novice OpAr)
  9386 | D:10     | Killed p0werm0de's ghost
  9386 | D:10     | Received a gift from Okawaru
  9537 | D:10     | Noticed a necromancer
  9546 | D:10     | Killed a necromancer
  9584 | D:10     | Reached skill level 1 in Evocations
  9808 | D:10     | Found a staircase to the Lair.
  9921 | D:11     | Found a roughly hewn altar of Beogh.
  9921 | D:11     | Found a staircase to the Orcish Mines.
 10008 | D:11     | Noticed a purple ugly thing
 10015 | D:11     | Noticed a cyan ugly thing
 10271 | D:11     | Noticed a two-headed ogre
 10279 | D:11     | Killed a two-headed ogre
 10531 | D:11     | Killed a purple ugly thing
 10889 | D:11     | Killed a green ugly thing
 10889 | D:11     | Received a gift from Okawaru
 10889 | D:11     | Reached XP level 12. HP: 85/101 MP: 16/16
 10933 | D:11     | Gained mutation: You are somewhat resistant to further
                  | mutation. [potion of mutation]
 11865 | D:12     | Noticed Urug
 11880 | D:12     | Killed Urug
 11880 | D:12     | Reached skill level 12 in Axes
 12239 | D:12     | Found Zoviagogah's Magic Scroll Shop.
 12306 | D:12     | Noticed Psyche
 12318 | D:12     | Killed Psyche
 12318 | D:12     | Received a gift from Okawaru
 12659 | D:13     | Noticed a two-headed ogre
 12682 | D:13     | Killed a two-headed ogre
 12774 | D:13     | Noticed a centaur warrior
 12784 | D:13     | Killed a centaur warrior
 12786 | D:13     | Got a smoking jade amulet
 12793 | D:13     | Identified the amulet of Dasche {Spirit rN+} (You found it
                  | on level 13 of the Dungeon)
 13142 | D:13     | Received a gift from Okawaru
 13348 | D:13     | Reached skill level 5 in Evocations
 13397 | D:13     | Reached XP level 13. HP: 101/111 MP: 17/19
 13430 | D:13     | Reached skill level 13 in Axes
 13791 | D:13     | Found a gate to the Vaults.
 14219 | D:14     | Found Pumok's Armour Boutique.
 14300 | D:14     | You fall into a shaft and drop 1 floor!
 14300 | D:15     | Entered Level 15 of the Dungeon
 14351 | D:15     | Reached skill level 10 in Shields
 14746 | D:15     | Received a gift from Okawaru
 14806 | D:14     | Noticed Azrael
 14833 | D:14     | Killed Azrael
 14842 | D:14     | Reached skill level 14 in Axes
 14847 | D:14     | Received a gift from Okawaru
 14974 | D:14     | Received a gift from Okawaru
 15791 | D:15     | Found a staircase to the Depths.
 15810 | D:15     | Received a gift from Okawaru
 15865 | D:15     | Reached skill level 5 in Throwing
 16122 | D:15     | Reached skill level 10 in Fighting
 16628 | D:15     | Received a gift from Okawaru
 16779 | Lair:1   | Entered Level 1 of the Lair of Beasts
 16832 | Lair:1   | Reached XP level 14. HP: 107/121 MP: 18/20
 17059 | Lair:1   | Noticed Joseph
 17071 | Lair:1   | Killed Joseph
 17661 | Lair:2   | Found a staircase to the Swamp.
 18901 | Lair:3   | Found a hole to the Spider Nest.
 19100 | Lair:3   | Reached skill level 5 in Stealth
 19403 | Lair:4   | Received a gift from Okawaru
 19435 | Lair:4   | Reached skill level 15 in Axes
 21342 | Lair:5   | Received a gift from Okawaru
 21344 | Lair:5   | Reached XP level 15. HP: 90/130 MP: 14/21
 21506 | Lair:5   | Found a viscous altar of Jiyva.
 21515 | Lair:5   | Found a staircase to the Slime Pits.
 21598 | Lair:5   | Noticed Snorg
 21609 | Lair:5   | Killed Snorg
 21733 | Lair:5   | You are sucked into a shaft and drop 1 floor!
 21733 | Lair:6   | Entered Level 6 of the Lair of Beasts
 21768 | Lair:6   | Reached skill level 16 in Axes
 22601 | Lair:6   | Reached skill level 10 in Dodging
 22719 | Lair:6   | Received a gift from Okawaru
 22738 | Lair:6   | Identified the +0 hat of the Villain {*Corrode +Inv rElec
                  | rPois} (Okawaru gifted it to you on level 6 of the Lair of
                  | Beasts)
 24314 | Orc:1    | Entered Level 1 of the Orcish Mines
 24385 | Orc:1    | Reached skill level 17 in Axes
 24543 | Orc:2    | Entered Level 2 of the Orcish Mines
 24954 | Orc:2    | Found a staircase to the Elven Halls.
 25022 | Orc:2    | Found Circhupn's Magic Scroll Boutique.
 25617 | Orc:2    | Reached XP level 16. HP: 122/141 MP: 18/22
 25681 | Orc:2    | Noticed Jorgrun
 25690 | Orc:2    | Killed Jorgrun
 25974 | Orc:2    | Received a gift from Okawaru
 26228 | Orc:2    | Found Letwath's Food Boutique.
 26240 | Orc:2    | Found Rainah's Gadget Shoppe.
 26257 | Orc:2    | Found Naxueq's Armour Shoppe.
 26269 | Orc:2    | Bought a scroll of magic mapping for 49 gold pieces
 26425 | Orc:1    | Noticed Fannar
 26442 | Orc:1    | Killed Fannar
 26607 | Orc:1    | Noticed Nergalle
 26621 | Orc:1    | Killed Nergalle
 26814 | Spider:1 | Entered Level 1 of the Spider Nest
 27045 | Spider:1 | Received a gift from Okawaru
 27742 | Spider:1 | Noticed Agnes
 27754 | Spider:1 | Killed Agnes
 27968 | Spider:2 | Received a gift from Okawaru
 28074 | Spider:2 | Identified the +11 morningstar of Welfare {freeze, +Blink
                  | rF+} (Okawaru gifted it to you on level 2 of the Spider
                  | Nest)
 28343 | Spider:2 | Lost mutation: You are somewhat resistant to further
                  | mutation. [potion of mutation]
 28343 | Spider:2 | Gained mutation: You are agile. (Dex +2) [potion of
                  | mutation]
 28343 | Spider:2 | Gained mutation: You have large cloven feet. [potion of
                  | mutation]
 28343 | Spider:2 | Gained mutation: You are robust. (+10% HP) [potion of
                  | mutation]
 29203 | Spider:2 | Noticed Frances
 29230 | Spider:2 | Killed Frances
 29849 | Spider:3 | Received a gift from Okawaru
 30207 | Spider:3 | Reached skill level 18 in Axes
 30660 | Spider:3 | Reached XP level 17. HP: 106/165 MP: 14/23
 31204 | Spider:3 | Identified the +3 hat "Gidas" {rF+ Stlth+} (Okawaru gifted
                  | it to you on level 3 of the Spider Nest)
 31297 | Spider:4 | Entered Level 4 of the Spider Nest
 31298 | Spider:4 | Found a frozen archway.
 31307 | IceCv    | Entered an ice cave
 32276 | Spider:4 | Received a gift from Okawaru
 32947 | Spider:4 | Noticed Nikola
 32973 | Spider:4 | Killed Nikola
 33220 | Spider:4 | Reached skill level 10 in Throwing
 33768 | Spider:4 | Got a gossamer rune of Zot
 34035 | Spider:4 | Learned a level 6 spell: Statue Form
 34252 | Vaults:1 | Entered Level 1 of the Vaults
 34262 | Vaults:1 | Received a gift from Okawaru
 34320 | Vaults:1 | Reached skill level 1 in Earth Magic
 34323 | Vaults:1 | Reached skill level 1 in Spellcasting
 34323 | Vaults:1 | Reached skill level 1 in Transmutations
 34510 | Vaults:1 | Received a gift from Okawaru
 34519 | Vaults:1 | Reached XP level 18. HP: 108/177 MP: 14/24
 34527 | Vaults:1 | Paralysed by an ogre mage for 5 turns
 34531 | Vaults:1 | HP: 6/177 [two-headed ogre/+0 giant club (17)]
 34532 | Vaults:1 | Slain by a death knight

Levels and vault maps discovered:
D:1:      dpeg_arrival_round_b, layout_rooms, serial_bayou_ford_a
D:2:      layout_basic, chequers_temple_overflow_minitemple, first_ration
D:3:      layout_loops_corners, kennysheep_pointless_box, uniq_terence
D:4:      layout_basic, minmay_temple_entry_ruins,
          nicolae_ossuary_entry_catacombs
D:5:      layout_loops_ring, lemuel_blue_sif_altar, uniq_crazy_yiuf_cottage
D:6:      layout_rooms, kennysheep_mini
D:7:      layout_basic, grunt_ogre_cave
D:8:      layout_rooms, grunt_ministairs_9, uniq_maurice
D:9:      cheibrodos_iron_armory, layout_loops_ring,
          grunt_temple_overflow_holy_war, old_standard_altar,
          lemuel_crystal_altar, chequers_serial_rivers_room_b,
          uniq_prince_ribbit1, uniq_pikel, uniq_harold, uniq_gastronok
D:10:     cheibrodos_shockbox, layout_loops_ring,
          grunt_lair_entry_orc_guard_hut, ebering_ghost_disaster_area,
          eino_house_with_fridge
D:11:     layout_basic, david_orc_5
D:12:     layout_roguey, serial_shops, kennysheep_mini_moat, uniq_urug,
          uniq_psyche
D:13:     layout_irregular_city, hangedman_vaults_entry_quadrant_bands,
          grunt_ministairs_10
D:14:     layout_stronghold, serial_shops, shop, chequers_serial_rivers_micro_e,
          uniq_azrael
D:15:     gammafunk_depths_entry_grave, layout_basic, minmay_misc_feat_roman
Temple:   cyrus_circular_temple
Lair:1:   layout_roguey, disabler_island, serial_bayou_shore_a,
          infiniplex_staircase_pool_2, uniq_joseph
Lair:2:   layout_concentric_octagons, skrybe_swamp_entry_bodies
Lair:3:   layout_misc_corridors, spider_nest_entry_web_field
Lair:4:   mu_elephants_graveyard, layout_regular_city
Lair:5:   layout_gridlike, slime_altar_1, minmay_lair_drake_nest, uniq_snorg
Lair:6:   evil_forest, layout_big_grid, minivault_11, st_stairs_9,
          nicolae_lair_grove_arrangements, chequers_serial_rivers_marsh
Spider:1: layout_spider_delve, uniq_agnes
Spider:2: layout_chambers, drop_trap, uniq_frances
Spider:3: layout_spider_delve, drop_trap, minmay_another_anthill
Spider:4: spider_rune_water, portal_ice_cave_entry_pillars_three, uniq_nikola
Orc:1:    layout_diamond_mine, uniq_nergalle, uniq_fannar
Orc:2:    st_orc_elflike, layout_caves, uniq_jorgrun
Vaults:1: hangedman_vaults_capsules, nicolae_vaults_border_crossing,
          nicolae_vaults_sealed_display, v_alt_pattern_2, ontoclasm_vaults_eye,
          vaults_standard_mumra_lines, vaults_room_guarded_vault,
          v_alt_pattern_1, vaults_dpeg_ring, layout_vaults_maze_snakey

Skill      XL: |  1  2  3  4  5  6  7  8  9 10 11 12 13 14 15 16 17 |
---------------+----------------------------------------------------+-----
Dodging        | 3 5 6 7 8 9 10 11 | 11.8
Axes           | 3 4 5 6 8 9 10 11 12 14 15 17 18 | 18.0
Stealth        | 1 3 6 |  6.1
Shields        | 4 5 6 7 9 10 11 12 13 | 13.5
Fighting       | 4 5 6 7 8 9 10 11 12 13 14 | 14.4
Throwing       | 1 2 3 4 5 6 8 10 | 10.8
Invocations    | 1 4 6 8 |  8.0
Evocations     | 2 5 |  5.0
Earth Magic    | 2 |  2.2
Spellcasting   | 2 |  2.2
Transmutations | 2 |  2.2

Action                   |  1- 3 |  4- 6 |  7- 9 | 10-12 | 13-15 | 16-18 || total
-------------------------+-------+-------+-------+-------+-------+-------++-------
Melee: War axe           |   126 |   103 |    75 |       |       |       ||   304
       Tailslap          |    12 |    11 |    34 |   107 |   264 |   147 ||   575
       Hand axe          |       |       |   182 |   393 |    51 |       ||   626
       Broad axe         |       |       |       |   248 |  1277 |   849 ||  2374
Throw: Dart              |       |    18 |    24 |     7 |       |   274 ||   323
       Boomerang         |       |       |     3 |    34 |   154 |   165 ||   356
       Javelin           |       |       |       |       |       |     5 ||     5
Invok: Heroism           |       |       |       |       |    10 |     8 ||    18
       Finesse           |       |       |       |       |     7 |     4 ||    11
 Abil: Breathe Fire      |       |       |    22 |    34 |    28 |    19 ||   103
Evoke: Wand              |     1 |       |       |       |       |     4 ||     5
  Use: Scroll            |       |    18 |     4 |     2 |    13 |    10 ||    47
       Potion            |       |     1 |       |     2 |       |     3 ||     6
 Stab: Sleeping          |     1 |     3 |     1 |     5 |    10 |     6 ||    26
       Distracted        |       |       |       |       |     2 |     1 ||     3
       Petrifying        |       |       |       |       |     1 |       ||     1
       Confused          |       |       |       |       |       |     3 ||     3
       Held in net/web   |       |       |       |       |       |     1 ||     1
  Eat: Chunk             |     3 |     2 |    14 |    25 |    35 |    21 ||   100
       Ration            |       |     1 |     1 |       |     3 |     3 ||     8
Armor: Skin              |    36 |    16 |    40 |    78 |   206 |   122 ||   498
Dodge: Dodged            |    55 |    34 |   141 |   281 |   653 |   504 ||  1668
Block: Shield            |    78 |    41 |   134 |   303 |   726 |   518 ||  1800

Table legend:
 A = Non-vault XP
 B = Vault XP
 C = Vault XP percentage of total XP
 D = Non-vault monster count
 E = Vault monster count
 F = Vault count percentage of total count
                 A         B        C        D         E       F
            +---------+---------+-------+---------+---------+-------
      Total |  185229 |  107036 |  36.6 |     802 |     285 |  26.2
            +---------+---------+-------+---------+---------+-------
        D:1 |      40 |       0 |   0.0 |      21 |       0 |   0.0
        D:2 |      36 |       0 |   0.0 |      15 |       0 |   0.0
        D:3 |      27 |      32 |  54.2 |      13 |       1 |   7.1
        D:4 |     190 |     322 |  62.9 |       6 |       6 |  50.0
        D:5 |     753 |      39 |   4.9 |      28 |       1 |   3.4
        D:6 |     102 |       0 |   0.0 |       5 |       0 |   0.0
        D:7 |    1168 |     121 |   9.4 |      17 |       1 |   5.6
        D:8 |    1418 |     526 |  27.1 |      20 |       2 |   9.1
        D:9 |    1111 |    3923 |  77.9 |      21 |       4 |  16.0
       D:10 |    4628 |    2627 |  36.2 |      46 |      19 |  29.2
       D:11 |    4818 |     921 |  16.0 |      44 |      21 |  32.3
       D:12 |    4518 |    1311 |  22.5 |      26 |       2 |   7.1
       D:13 |    7957 |    7478 |  48.4 |      35 |      25 |  41.7
       D:14 |    2814 |    1985 |  41.4 |       9 |       5 |  35.7
       D:15 |   10397 |    5584 |  34.9 |      27 |       8 |  22.9
     Lair:1 |    4257 |     481 |  10.2 |      18 |       1 |   5.3
     Lair:2 |    4564 |     235 |   4.9 |      13 |       1 |   7.1
     Lair:3 |    4103 |       0 |   0.0 |      16 |       0 |   0.0
     Lair:4 |   11847 |    9411 |  44.3 |      35 |      18 |  34.0
     Lair:5 |    9923 |    2298 |  18.8 |      20 |       4 |  16.7
     Lair:6 |   26791 |    5913 |  18.1 |      77 |      16 |  17.2
   Spider:1 |   10537 |    2347 |  18.2 |      26 |       1 |   3.7
   Spider:2 |   13958 |    2306 |  14.2 |      45 |       1 |   2.2
   Spider:3 |   24020 |    5403 |  18.4 |      68 |      25 |  26.9
   Spider:4 |   12887 |   25955 |  66.8 |      39 |      43 |  52.4
      Orc:1 |    3658 |    1764 |  32.5 |      40 |       2 |   4.8
      Orc:2 |    3536 |   10973 |  75.6 |      31 |      26 |  45.6
   Vaults:1 |   15171 |    9668 |  38.9 |      41 |      11 |  21.2
    Ossuary |       0 |      93 | 100.0 |       0 |      16 | 100.0
      IceCv |       0 |    5320 | 100.0 |       0 |      25 | 100.0
            +---------+---------+-------+---------+---------+-------
